 Dungeon Crawl Stone Soup version 0.31.0-12-g77e489cdc1 (webtiles) character file.

Game seed: 13056273302835136715

7952 Gethsaine the Carver (level 11, 0/66 HPs)
             Began as a Tengu Reaver on Feb 15, 2024.
             Was a High Priest of Elyvilon.
             Slain by a killer bee (2 damage)
             ... on level 11 of the Dungeon on Feb 16, 2024.
             The game lasted 01:22:18 (8998 turns).

Gethsaine the Carver (Tengu Reaver)                 Turns: 8998, Time: 01:22:19

Health: 0/66       AC: 18    Str: 21    XL:     11   Next: 23%
Magic:  0/20       EV: 12    Int: 15    God:    Elyvilon [*****.]
Gold:   298        SH:  0    Dex: 19    Spells: 9/21 levels left

rFire   + . .        E - +4 scimitar
rCold   . . .        (no shield)
rNeg    . . .        r - +0 plate armour
rPois   .            l - +1 hat
rElec   +            q - +1 cloak of Lulef {Will- Regen+ Str+7 Dex-3}
rCorr   .            g - +0 pair of gloves
SInv    .            (boots unavailable)
Will    .....        m - amulet of guardian spirit Stlth
                     B - +4 ring of slaying
HPRegen 1.11/turn    G - ring of the Hero {^Contam rElec rF+ Dex+8 Stlth-}
MPRegen 0.17/turn

%: acrobat, guardian spirit
@: lethally poisoned (0 -> -16), marked, flying
A: beak, talons 3, evasive flight, acrobatic
a: Renounce Religion, Purification, Heal Other, Heal Self, Divine Vigour


You were on level 11 of the Dungeon.
You worshipped Elyvilon.
Elyvilon was extremely pleased with you.
You visited 2 branches of the dungeon, and saw 12 of its levels.

You collected 535 gold pieces.
You spent 237 gold pieces at shops.

Inventory:

Hand Weapons
 E - a +4 scimitar (weapon)
 I - a +0 long sword of flaming
Missiles
 e - 2 silver javelins
 H - 9 poisoned darts
 R - 5 large rocks
Armour
 g - a +0 pair of gloves (worn)
 l - a +1 hat (worn)
 q - the +1 cloak of Lulef (worn) {Will- Regen+ Str+7 Dex-3}
   (You bought it in a shop on level 6 of the Dungeon)

   Str+7:     It affects your strength (+7).
   Dex-3:     It affects your dexterity (-3).
   Will-:     It decreases your willpower.
   Regen+:    It increases your rate of health regeneration.
 r - a +0 plate armour (worn)
Magical Staves
 M - a staff of air
Jewellery
 m - an amulet of guardian spirit (around neck)
 B - a +4 ring of slaying (left hand)
 G - the ring of the Hero (right hand) {^Contam rElec rF+ Dex+8 Stlth-}
   (You found it on level 5 of the Dungeon)

   [ring of protection from fire]

   Dex+8:     It affects your dexterity (+8).
   rF+:       It protects you from fire.
   rElec:     It insulates you from electricity.
   ^Contam:   It causes magical contamination when unequipped.
   Stlth-:    It makes you less stealthy.
 K - a +4 ring of slaying
 N - a +6 ring of strength
 S - a ring of fire
Wands
 f - a wand of digging (4)
 k - a wand of mindburst (14)
 O - a wand of acid (7) (quivered)
 Q - a wand of flame (12)
 T - a wand of polymorph (3)
Scrolls
 a - a scroll of poison
 b - 4 scrolls of torment
 h - 3 scrolls of fear
 p - 2 scrolls of immolation
 w - a scroll of vulnerability {unknown}
 x - 3 scrolls of butterflies {unknown}
 y - 4 scrolls of noise
 z - 2 scrolls of enchant weapon {unknown}
 A - 2 scrolls of blinking {unknown}
 C - 4 scrolls of enchant armour {unknown}
 F - 3 scrolls of teleportation {unknown}
 U - a scroll of amnesia {unknown}
Potions
 c - 2 potions of resistance
 d - 3 potions of haste
 i - 2 potions of attraction
 j - 5 potions of curing
 o - 3 potions of ambrosia
 s - a potion of mutation {unknown}
 t - a potion of heal wounds
 u - 2 potions of enlightenment {unknown}
 v - 4 potions of might {unknown}
 D - 3 potions of cancellation {unknown}
 J - 4 potions of lignification {unknown}
 L - a potion of invisibility {unknown}


   Skills:
 * Level 6.6 Fighting
 * Level 9.8 Long Blades
 + Level 7.4 Axes
 * Level 8.9 Armour
 + Level 3.5 Dodging
 * Level 5.6 Stealth
 * Level 5.5 Spellcasting
 + Level 4.5 Conjurations


You had 9 spell levels left.
You knew the following spells:

 Your Spells              Type           Power      Damage    Failure   Level
a - Kiss of Death         Conj/Necr      40%        2d8       71%         1
b - Momentum Strike       Conj/Tloc      20%        3d8       83%         2
c - Hailstorm             Conj/Ice       10%        3d6       97%         3
d - Conjure Ball Lightni  Conj/Air       5%         3x3d6     100%        6

Your spell library contained the following spells:

 Spells                   Type           Power      Damage    Failure   Level
 Discord                  Hex            2%         N/A       100%        8
 Disjunction              Tloc           2%         N/A       100%        8


Dungeon Overview and Level Annotations

Branches:
Dungeon (11/15)            Temple (1/1) D:5            Lair (0/5) D:10
    Orc: D:9-12

Altars:
Ashenzari
Cheibriados
Dithmenos
Elyvilon
Fedhas
Gozag
Hepliaklqana
Kikubaaqudgha
Makhleb
Nemelex Xobeh
Okawaru
Qazlal
Ru
Sif Muna
Trog
Uskayaw
Vehumet
Wu Jian
Xom
Yredelemnul
Zin
The Shining One

Shops:
D:3 :   D:4 (   D:6 =[=


Innate Abilities, Weirdness & Mutations

You have a beak for a mouth.
You have claws for feet.
Your magical flight helps you evade attacks. (EV +4)
You can magically evade attacks while moving or waiting.


Message History

The killer bee misses you. The meliai attacks as it pursues you!
The meliai completely misses you. x2; The killer bee completely misses you.
The meliai misses you. x2
You feel sick. The meliai attacks as it pursues you!
The meliai hits you with a +1 hand axe of venom.
* * * LOW HITPOINT WARNING * * *
You are more poisoned.
The meliai completely misses you. The meliai misses you.
The meliai closely misses you.
A killer bee comes into view.
You feel much better.
You feel very sick.
The killer bee stings you but does no damage.
The meliai hits you with a +1 hand axe of venom!
You are more poisoned.
The meliai closely misses you. The vampire mosquito barely misses you.
The killer bee barely misses you. The meliai hits you but does no damage.
You are more poisoned.
The meliai stings you.
You are more poisoned.
The meliai poisons you!
The vampire mosquito closely misses you.
A killer bee comes into view.
* * * LOW HITPOINT WARNING * * *
You feel extremely sick. The killer bee completely misses you.
The meliai closely misses you. The meliai completely misses you.
A killer bee comes into view.
* * * LOW HITPOINT WARNING * * *
You feel extremely sick. The killer bee closely misses you.
The meliai mumbles some strange prayers to its god against you.
Something smites you! Elyvilon protects you from harm!
The vampire mosquito misses you.
You barely miss the vampire mosquito.
* * * LOW HITPOINT WARNING * * *
You feel extremely sick. The killer bee stings you.
You die...

###############
###################*************
#........)...##....,,,,,,,,,,,,,
#........##..##..#.,,,,,,,,<,,,,
#........##..##..#.,,,,,,,,,,,,,
#........##..##..#.,,,,,,,,,,,,,
#........##..##..#.,,,,,,,,,,,,,
#........##..##@y#.,,,,,,,,,,,,,
#........##..##yy#.,,,,,,,,,,,,,
#..>.....##..##y.#.,,,,,,,,,,,,,
#........##..##HO#.,...,,,,,,,,,
#........##.>##yy#.,...,,,,,,,,,
#........##..##u.#.!...,,,,,,,,,
#........##..##yy#.....,,,,,,,,,
#........##..##yy#.....,,,,,,,,,
#........##..##.hy.....,,,,,,***


You could see a green ugly thing, a two-headed ogre, a manticore, a vampire
mosquito, a meliai and 8 killer bees.

Vanquished Creatures
  A meliai (D:11)
  A gargoyle (D:11)
  Maggie (D:9)
  A kobold demonologist (D:11)
  An unseen horror (D:10)
  A troll (D:9)
  Prince Ribbit (D:9)
  A shadow (D:10)
  5 wyverns
  4 yaks
  A steam dragon (D:7)
  4 vampire mosquitoes (D:10)
  Menkaure (D:5)
  6 water moccasins
  5 orc warriors
  2 sky beasts
  An ice beast (D:7)
  An ogre (D:4)
  3 centaurs
  2 phantoms
  A kobold brigand (D:7)
  3 bullfrogs
  3 scorpions
  A water moccasin skeleton (D:5)
  A wight (D:5)
  9 killer bees
  A vampire bat (D:4)
  6 howler monkeys
  3 hounds
  3 jellies
  3 orc priests (D:8)
  An iguana (D:7)
  9 orc wizards
  3 gnolls (D:7)
  8 adders
  A shadow imp (D:8)
  2 white imps
  A ribbon worm (D:3)
  3 dart slugs
  3 fire bats (D:4)
  41 orcs
  2 spectral bats (D:4)
  14 bats
  A bat simulacrum (D:4)
  3 bat skeletons (D:4)
  A bat zombie (D:4)
  10 endoplasms
  6 giant cockroaches
  4 goblins
  6 hobgoblins
  6 jackals (D:1)
  6 kobolds
  8 quokkas
  6 ball pythons
  2 rats
224 creatures vanquished.

Notes
Turn   | Place    | Note
-------+----------+-------------------------------------------
     0 | D:1      | Gethsaine the Tengu Reaver began the quest for the Orb.
     0 | D:1      | Reached XP level 1. HP: 12/12 MP: 4/4
   118 | D:1      | Reached XP level 2. HP: 17/17 MP: 6/6
   127 | D:1      | Learned a level 2 spell: Momentum Strike
   525 | D:1      | Reached XP level 3. HP: 18/18 MP: 7/7
   604 | D:1      | Learned a level 3 spell: Hailstorm
  1203 | D:2      | Reached skill level 1 in Stealth
  1285 | D:2      | Found a faded altar of an unknown god.
  1319 | D:2      | Prayed at the altar of an unknown god.
  1319 | D:2      | Became a worshipper of Elyvilon the Healer
  1319 | D:2      | Reached * piety under Elyvilon
  1357 | D:2      | Reached XP level 4. HP: 26/26 MP: 8/8
  1617 | D:3      | Found Seriv's Book Shop.
  1713 | D:3      | Identified the +1 robe of Decompression {rElec rC+ Int-3}
  1770 | D:3      | Reached skill level 1 in Armour
  2096 | D:3      | Reached ** piety under Elyvilon
  2105 | D:3      | Found a broken altar of Ashenzari.
  2117 | D:3      | Found an ornate altar of the Wu Jian Council.
  2275 | D:3      | Reached XP level 5. HP: 30/30 MP: 6/9
  2504 | D:4      | Found Baan's Weapon Shoppe.
  2634 | D:4      | Noticed a phantom
  2664 | D:4      | Killed a phantom
  2665 | D:4      | Reached XP level 6. HP: 22/36 MP: 5/10
  2864 | D:4      | Reached skill level 5 in Axes
  3018 | D:4      | Gained mutation: Your magical flight helps you evade
                  | attacks. (EV +4) [Tengu growth]
  3018 | D:4      | Reached XP level 7. HP: 39/40 MP: 12/12
  3127 | D:4      | Reached *** piety under Elyvilon
  3259 | D:4      | Found a sparkling altar of Nemelex Xobeh.
  3337 | D:5      | Entered Level 5 of the Dungeon
  3532 | D:5      | Found a hide-covered altar of Uskayaw.
  3673 | D:5      | Found a staircase to the Ecumenical Temple.
  3842 | D:5      | Found a transporter.
  3845 | D:5      | Found a transporter.
  3849 | D:5      | Noticed Menkaure
  3849 | D:5      | Found an ancient bone altar of Kikubaaqudgha.
  3849 | D:5      | Found a basalt altar of Yredelemnul.
  4073 | D:5      | Found an opulent altar of Gozag.
  4287 | D:5      | Reached XP level 8. HP: 46/46 MP: 11/13
  4422 | Temple   | Entered the Ecumenical Temple
  4586 | D:5      | Killed Menkaure
  4587 | D:5      | Reached skill level 5 in Armour
  4752 | D:5      | Identified the ring of the Hero {^Contam rElec rF+ Dex+8
                  | Stlth-}
  4845 | D:6      | Found Biv Saac's Jewellery Shop.
  4880 | D:6      | Reached **** piety under Elyvilon
  5095 | D:6      | Found Bidd's Antique Armour Shoppe.
  5098 | D:6      | Bought a distressingly furry cloak for 237 gold pieces
  5098 | D:6      | Identified the +1 cloak of Lulef {Will- Regen+ Str+7 Dex-3}
                  | (You bought it in a shop on level 6 of the Dungeon)
  5148 | D:6      | Found Ohapyq's Jewellery Boutique.
  5608 | D:7      | Reached skill level 1 in Long Blades
  5613 | D:7      | Reached XP level 9. HP: 52/52 MP: 13/15
  5723 | D:7      | Reached skill level 2 in Long Blades
  6031 | D:7      | Reached skill level 3 in Long Blades
  6252 | D:8      | Reached ***** piety under Elyvilon
  6337 | D:8      | Identified the +0 ring mail of Sif Muna's Hope {rF+ rC+
                  | rN+++ SInv}
  6472 | D:8      | Reached skill level 4 in Long Blades
  6700 | D:8      | Reached skill level 5 in Long Blades
  6864 | D:8      | Reached skill level 5 in Fighting
  7410 | D:9      | Noticed a troll
  7416 | D:9      | Killed a troll
  7417 | D:9      | Reached skill level 6 in Long Blades
  7512 | D:9      | Reached XP level 10. HP: 59/59 MP: 17/17
  7566 | D:9      | Noticed Maggie
  7579 | D:9      | Killed Maggie
  7580 | D:9      | Reached skill level 7 in Long Blades
  7732 | D:9      | Noticed Prince Ribbit
  7741 | D:9      | Killed Prince Ribbit
  7854 | D:9      | Learned a level 6 spell: Conjure Ball Lightning
  8082 | D:10     | Entered Level 10 of the Dungeon
  8117 | D:10     | Reached skill level 5 in Stealth
  8270 | D:10     | Found an iron altar of Okawaru.
  8284 | D:10     | Reached skill level 8 in Long Blades
  8299 | D:10     | Reached skill level 5 in Spellcasting
  8306 | D:10     | Killed an unseen horror
  8393 | D:10     | Found a staircase to the Lair.
  8403 | D:10     | Reached skill level 9 in Long Blades
  8631 | D:10     | Reached XP level 11. HP: 55/64 MP: 15/19
  8959 | D:11     | Noticed a green ugly thing
  8970 | D:11     | Noticed a two-headed ogre
  8972 | D:11     | Noticed a cyclops
  8983 | D:11     | Noticed a manticore
  8997 | D:11     | Elyvilon protects you from harm!
  8998 | D:11     | HP: 2/66 [poisoned by a meliai]
  8998 | D:11     | Slain by a killer bee

Illustrated notes

Levels and vault maps discovered:
D:1:      lightli_arrival_flooded_house, layout_basic
D:2:      layout_loops_cross, ebering_ecumenical_altar_rust
D:3:      layout_loops_ring, amethyst_overflow_temple_binary, serial_shops,
          shop, kennysheep_minor_cross
D:4:      layout_basic, kennysheep_mini, serial_shops, shop, goddamned_bats
D:5:      layout_loops_corners, nicolae_overflow_hidden_temple,
          mainiacjoe_overflow_24_doors, gammafunk_temple_of_torment,
          minmay_temple_entry_wispy
D:6:      layout_loops_ring, serial_shops, shop, nicolae_shop_peninsula, shop,
          chequers_decorated_corner, minmay_misc_feat_rugged
D:7:      layout_loops_cross, uniq_menkaure
D:8:      layout_loops_ring, special_room [special_room_orc],
          serial_co_window_serial, co_window_cross_1, co_window_corner_a,
          co_window_paths_a, co_window_corner_a, co_window_paths_a,
          co_window_2corner, co_window_of_opportunity_c,
          co_window_of_opportunity_c, co_window_broadway_a,
          co_window_of_opportunity_c, co_window_corner_b, co_window_broadway_a,
          co_window_4corner_a, glass_columns_c, glass_columns_a,
          glass_columns_a, glass_columns_a, glass_columns_a
D:9:      layout_basic, uniq_maggie, uniq_prince_ribbit1
D:10:     layout_loops_ring, okawaru_metal_pillars_1_2, minmay_lair_entry_grove
D:11:     regret_index_tunnel_blossom, layout_long_grid
Temple:   jpeg_temple_clearing

Skill      XL: |  1  2  3  4  5  6  7  8  9 10 |
---------------+-------------------------------+-----
Axes           | 4 5 6 7 |  7.4
Stealth        | 1 2 3 4 5 |  5.6
Armour         | 1 2 3 4 6 7 8 |  8.9
Dodging        | 3 |  3.5
Fighting       | 3 4 5 6 |  6.6
Spellcasting   | 3 4 5 |  5.5
Long Blades    | 1 6 9 |  9.8
Conjurations   | |  4.5

Action                     |  1- 3 |  4- 6 |  7- 9 | 10-12 || total
---------------------------+-------+-------+-------+-------++-------
  Melee: Hand axe          |   124 |   179 |   115 |       ||   418
         Peck              |    16 |    28 |    46 |    19 ||   109
         Kick              |    26 |    52 |    83 |    44 ||   205
         Punch             |     3 |     1 |     3 |       ||     7
         Scimitar          |       |       |   146 |   136 ||   282
   Cast: Kiss of Death     |     1 |       |       |       ||     1
         Momentum Strike   |       |     1 |       |       ||     1
    Use: Scroll            |       |     4 |     6 |     4 ||    14
         Potion            |       |       |       |     3 ||     3
 Armour: Leather armour    |    50 |    14 |       |       ||    64
         Ring mail         |       |    21 |       |       ||    21
         Plate armour      |       |   118 |   182 |   137 ||   437
  Dodge: Dodged            |   113 |   112 |   151 |   162 ||   538
